 Dungeon Crawl Stone Soup version 0.20.1-1-g8b1a95d (webtiles) character file.

1191 manon the Cudgeler (level 8, -4/50 HPs)
             Began as a Gargoyle Gladiator on Oct 31, 2017.
             Was a Believer of Cheibriados.
             Killed by divine providence
             ... invoked by an orc priest
              (13 damage)
             ... on level 5 of the Dungeon.
             The game lasted 00:21:00 (4166 turns).

manon the Cudgeler (Gargoyle Gladiator)             Turns: 4166, Time: 00:21:00

Health: -4/50      AC: 18    Str: 24    XL:     8   Next: 43%
Magic:  10/10      EV:  9    Int: 15    God:    Cheibriados [**....]
Gold:   222        SH:  0    Dex: 16    Spells: 7/7 levels left

rFire    . . .     SeeInvis .   a - +0 flail
rCold    . . .     Gourm    .   (no shield)
rNeg     + . .     Faith    .   x - +0 chain mail
rPois    ∞         Spirit   .   c - +0 helmet
rElec    +         Reflect  .   (no cloak)
rCorr    .         Harm     .   (no gloves)
MR       .....                  (no boots)
Stlth    ..........             (no amulet)
Regen    0.2/turn               (no ring)
MPRegen  0.2/turn               (no ring)

@: marked, very slow
A: hooves 1, icy blue scales 1, yellow scales 1, deterioration 1, negative
energy resistance 1, electricity resistance, unbreathing, petrification
resistance, rot immunity, AC +5
a: Bend Time, Renounce Religion


You were on level 5 of the Dungeon.
You worshipped Cheibriados.
Cheibriados was pleased with you.
You were not hungry.

You visited 1 branch of the dungeon, and saw 5 of its levels.
You also visited: Sewer.

You collected 222 gold pieces.

Inventory:

Hand Weapons
 a - a +0 flail (weapon)
Missiles
 b - 15 stones (quivered)
 d - 3 throwing nets {!f}
 n - 51 bolts
 o - 4 tomahawks
 w - 21 arrows
Armour
 c - a +0 helmet (worn)
 r - a +0 ring mail
 x - a +0 chain mail (worn)
 C - a +0 leather armour
Wands
 u - a wand of lightning (0/15)
 F - a wand of iceblast (7/15)
Scrolls
 g - 2 scrolls of teleportation
 j - 2 scrolls of remove curse
 p - 3 scrolls of fear
 q - 3 scrolls of amnesia
 t - a scroll of magic mapping {unknown}
 y - a scroll of random uselessness {unknown}
 A - a scroll of fog
 D - a scroll of recharging {unknown}
Potions
 e - a potion of agility {unknown}
 h - 2 potions of degeneration {unknown}
 i - a potion of resistance {unknown}
 k - 3 potions of brilliance {unknown}
 l - 2 potions of ambrosia
 m - 2 potions of lignification
 s - 2 potions of might {unknown}
 v - 2 potions of curing {unknown}
 z - a potion of berserk rage {unknown}
 B - a potion of heal wounds {unknown}
 E - a potion of invisibility {unknown}
 G - 4 potions of flight {unknown}
Comestibles
 f - 4 bread rations


   Skills:
 + Level 5.5 Fighting
 * Level 7.4 Maces & Flails
 - Level 1.7 Throwing
 - Level 2.4 Dodging
 + Level 2.9 Invocations
 + Level 3.6 Evocations


You had 7 spell levels left.
You didn't know any spells.

Dungeon Overview and Level Annotations

Branches:
Dungeon (5/15)             Temple (0/1) D:4

Altars:
Cheibriados
Dithmenos
Fedhas
Gozag
Ru
Uskayaw
Vehumet
Zin


Innate Abilities, Weirdness & Mutations

You are resistant to torment.
Your stone body is resilient. (AC +5)
You are immune to poison.
You resist negative energy. (rN+)
You are resistant to electric shocks. (rElec)
You can survive without breathing.
You are immune to petrification.
You are immune to rotting.
You have large cloven feet.
You are partially covered in icy blue scales. (AC +2)
You are partially covered in yellow scales. (AC +2)
Your body sometimes deteriorates upon taking damage.


Message History

You closely miss the crimson imp. Your kick misses the crimson imp.
The crimson imp is severely wounded.
The crimson imp barely misses you.
You hit the crimson imp but do no damage.
You kick the crimson imp.
The crimson imp is severely wounded.
The orc priest mumbles some strange prayers to Beogh against you.
Beogh smites you!
The crimson imp hits you but does no damage.
An orc comes into view. It is wielding a club.
An adder comes into view.
The orc closely misses you.
The crimson imp blinks!
The orc priest mumbles some strange prayers to Beogh against you.
Beogh smites you! The orc hits you but does no damage.
The orc priest invokes the aid of Beogh against you.
Beogh smites you!
* * * LOW HITPOINT WARNING * * *
The orc priest invokes the aid of Beogh against you.
Beogh smites you!
You die...

############
#.....<....#
#.########@##
######...5.....oS###.#
#)...........§....o....
##.####..###..:....o....
#........#.........###..
...####.##.........# .
###.###.##.##.##...#
####.##.##.##.##..... .#
##.#...........####


You could see an orc priest, a crimson imp, an adder and 2 orcs.

Vanquished Creatures
  The ghost of StonedInZion the Grave Robber, an amateur DENe of Hepliaklqana (D:4)
  The ghost of Folque the Magician, an amateur OpWz (D:3)
  An ogre (D:4)
  4 big kobolds (Sewer)
  A scorpion (D:4)
  A jelly (D:5)
  3 orc priests
  An iguana (D:5)
  An orc wizard (D:4)
  3 worker ants (D:4)
  A hound skeleton (D:5)
  Robin (D:1)
  12 adders
  2 oozes
  6 worms
  3 dart slugs
  A leopard gecko (D:4)
  20 orcs
  4 giant cockroaches
  14 goblins
  6 hobgoblins
  4 jackals (D:3)
  9 kobolds
  2 quokkas
  4 ball pythons
  A bat (D:1)
  4 frilled lizards
  A quokka zombie (D:5)
  13 rats
125 creatures vanquished.

Notes
Turn   | Place    | Note
-------+----------+-------------------------------------------
     0 | D:1      | manon the Gargoyle Gladiator began the quest for the Orb.
     0 | D:1      | Reached XP level 1. HP: 12/12 MP: 1/1
   236 | D:1      | Reached XP level 2. HP: 17/17 MP: 2/2
   617 | D:2      | Noticed Robin
   660 | D:1      | Killed Robin
   660 | D:1      | Reached XP level 3. HP: 14/22 MP: 3/3
   799 | D:1      | Reached skill level 4 in Maces & Flails
  1190 | D:2      | Reached XP level 4. HP: 28/28 MP: 4/4
  1799 | D:3      | Reached skill level 1 in Evocations
  1799 | D:3      | Reached XP level 5. HP: 20/32 MP: 5/5
  2211 | D:3      | Reached skill level 5 in Maces & Flails
  2279 | D:3      | Found a snail-covered altar of Cheibriados.
  2283 | D:3      | Became a worshipper of Cheibriados the Contemplative
  2450 | D:3      | Noticed Folque's ghost (amateur OpWz)
  2473 | D:3      | Killed Folque's ghost
  2473 | D:3      | Reached XP level 6. HP: 32/38 MP: 7/7
  2544 | D:4      | Found a shadowy altar of Dithmenos.
  2549 | D:4      | Found a sacrificial altar of Ru.
  2592 | D:4      | Found an opulent altar of Gozag.
  2593 | D:4      | Found a glowing silver altar of Zin.
  2690 | D:4      | Noticed StonedInZion's ghost (amateur DENe)
  2716 | D:4      | Killed StonedInZion's ghost
  2716 | D:4      | Reached skill level 6 in Maces & Flails
  2716 | D:4      | Reached XP level 7. HP: 32/44 MP: 8/8
  2801 | D:4      | Found a blossoming altar of Fedhas.
  2966 | D:4      | Found a staircase to the Ecumenical Temple.
  3030 | D:4      | Reached skill level 1 in Invocations
  3190 | D:4      | Found a radiant altar of Vehumet.
  3198 | D:4      | Found a hide-covered altar of Uskayaw.
  3260 | D:5      | Entered Level 5 of the Dungeon
  3321 | D:4      | Reached * piety under Cheibriados
  3325 | D:4      | Gained mutation: You occasionally shout uncontrollably at your foes. [potion of mutation]
  3325 | D:4      | Gained mutation: You are agile. (Dex +2) [potion of mutation]
  3326 | D:4      | Lost mutation: You occasionally shout uncontrollably at your foes. [potion of mutation]
  3326 | D:4      | Lost mutation: You are agile. (Dex +2) [potion of mutation]
  3326 | D:4      | Gained mutation: You are partially covered in yellow scales. (AC +2) [potion of mutation]
  3326 | D:4      | Gained mutation: Your body sometimes deteriorates upon taking damage. [potion of mutation]
  3326 | D:4      | Gained mutation: You have large cloven feet. [potion of mutation]
  3326 | D:4      | Gained mutation: You are partially covered in icy blue scales. (AC +2) [potion of mutation]
  3627 | D:5      | Found a glowing drain.
  3633 | D:5      | Reached skill level 5 in Fighting
  3677 | Sewer    | Entered a sewer
  3684 | Sewer    | Reached XP level 8. HP: 49/49 MP: 10/10
  3722 | Sewer    | Reached ** piety under Cheibriados
  3755 | Sewer    | Reached skill level 7 in Maces & Flails
  4166 | D:5      | Killed from afar by an orc priest

Skill      XL: |  1  2  3  4  5  6  7  8 |
---------------+-------------------------+-----
Maces & Flails | 4 5 6 7 |  7.4
Fighting       | 3 4 5 |  5.5
Evocations     | 1 2 3 |  3.6
Invocations    | 2 |  2.9
Throwing       | |  1.7
Dodging        | |  2.4

Action                   |  1- 3 |  4- 6 |  7- 9 || total
-------------------------+-------+-------+-------++-------
Melee: Flail             |   106 |   166 |   220 ||   492
       Kick              |       |       |    42 ||    42
Throw: Stone             |       |       |    14 ||    14
Evoke: Wand              |       |     3 |       ||     3
  Use: Scroll            |       |     1 |     8 ||     9
       Potion            |       |       |     2 ||     2
  Eat: Fruit             |       |     7 |       ||     7
       Chunk             |       |       |     2 ||     2
       Royal jelly       |       |       |     1 ||     1
Armor: Ring mail         |    75 |    60 |       ||   135
       Chain mail        |       |    28 |   172 ||   200
Dodge: Dodged            |    68 |    97 |   124 ||   289
